 Dungeon Crawl Stone Soup version 0.22-a0-3-g4fa69d9 (webtiles) character file.

1239 Faca the Chopper (level 8, -12/61 HPs)
             Began as a Formicid Fighter on Jan 1, 2018.
             Mangled by a two-headed ogre
             ... wielding a +0 giant club
              (27 damage)
             ... on level 5 of the Dungeon.
             The game lasted 00:08:48 (4584 turns).

Faca the Chopper (Formicid Fighter)                 Turns: 4584, Time: 00:08:48

Health: -12/61     AC: 16    Str: 23    XL:     8   Next: 78%
Magic:  8/8        EV:  7    Int:  7    God:
Gold:   233        SH: 10    Dex: 11    Spells: 7/7 levels left

rFire    . . .     SeeInvis +   a - +1 war axe
rCold    . . .     Gourm    .   c - +0 shield
rNeg     . . .     Faith    .   l - +0 chain mail
rPois    .         Spirit   .   (helmet unavailable)
rElec    .         Reflect  .   (no cloak)
rCorr    .         Harm     .   o - +2 pair of gloves
MR       .....                  j - +2 pair of boots
Stlth    ..........             (no amulet)
HPRegen  0.20/turn              p - ring of see invisible (curse)
MPRegen  0.11/turn              (no ring)

@: no status effects
A: permanent stasis, dig shafts and tunnels, four strong arms, antennae 3
a: Dig, Shaft Self


You were on level 5 of the Dungeon.
You were not hungry.

You visited 1 branch of the dungeon, and saw 5 of its levels.

You collected 233 gold pieces.

Inventory:

Hand Weapons
 a - a +1 war axe (weapon)
 u - a +3 demon trident of venom
Armour
 c - a +0 shield (worn)
 j - a +2 pair of boots (worn)
 l - a +0 chain mail (worn)
 o - a +2 pair of gloves (worn)
Jewellery
 p - a cursed ring of see invisible (left hand)
Wands
 q - a wand of flame (28)
Scrolls
 n - a scroll of remove curse
 s - a scroll of enchant armour
 t - a scroll of fear
Potions
 b - a potion of magic {unknown}
 d - 2 potions of might
 e - 6 potions of curing {unknown}
 g - 3 potions of mutation
 h - 2 potions of resistance {unknown}
 i - a potion of heal wounds
 k - a potion of lignification {unknown}
 m - 2 potions of agility {unknown}
 r - a potion of brilliance {unknown}
Comestibles
 f - 8 rations


   Skills:
 + Level 4.8 Fighting
 + Level 7.1 Axes
 + Level 5.8 Armour
 - Level 0.5 Dodging
 + Level 6.5 Shields


You had 7 spell levels left.
You didn't know any spells.

Dungeon Overview and Level Annotations

Branches:
Dungeon (5/15)
 Temple: D:4-7

Altars:
Ashenzari
Dithmenos
Kikubaaqudgha
Makhleb
Ru
Uskayaw
Wu Jian
Yredelemnul
Zin


Innate Abilities, Weirdness & Mutations

You cannot be hasted, slowed, berserked, paralysed or teleported.
You can dig through walls and to a lower floor.
Your four strong arms can wield two-handed weapons with a shield.
You have a pair of large antennae on your head. (SInv)


Message History

There is a stone staircase leading up here.
There is a stone staircase leading down here.
You climb downwards.
You block the two-headed ogre's attack.
The two-headed ogre hits you with a giant club.
There is a stone staircase leading up here.
You slash the two-headed ogre!
The two-headed ogre is moderately wounded.
The two-headed ogre barely misses you.
The two-headed ogre hits you with a giant club!
You completely miss the two-headed ogre.
The two-headed ogre is moderately wounded.
The two-headed ogre hits you with a giant club!!
The two-headed ogre hits you but does no damage.
You hit the two-headed ogre.
The two-headed ogre is moderately wounded.
The two-headed ogre hits you with a giant club!
* * * LOW HITPOINT WARNING * * *
The two-headed ogre hits you but does no damage.
The two-headed ogre hits you with a giant club!!
You die...

.# #.........#^#.## ..
##.#######.....# #. #.#
#>.#.## .## #.# #..### ..
#.# #..# #. #.# #..#
.##.###.#### #..#
......)....####O.#
###.###.##......@# #.
#.#######.## O.
#.....###.####### ###
####...##.......#
########.....#.##.##.##
..........#'#..##.##..#
.########.##.#####.###.##
# ###..#####..##(.##
####...........##..#


You could see a two-headed ogre.

Vanquished Creatures
  An ice beast (D:5)
  A black bear (D:3)
  An ogre (D:5)
  A bullfrog (D:3)
  2 scorpions (D:4)
  2 howler monkeys (D:5)
  2 hounds
  A bullfrog skeleton (D:5)
  4 iguanas
  4 orc priests
  6 orc wizards
  3 worker ants
  9 adders
  A shadow imp (D:5)
  5 worms
  3 dart slugs
  3 leopard geckos
  15 orcs
  5 giant cockroaches
  A goblin (D:1)
  3 hobgoblins
  5 kobolds
  7 quokkas
  5 bats
  A frilled lizard (D:3)
  A jackal skeleton (D:4)
  6 rats
98 creatures vanquished.

Vanquished Creatures (others)
  A withered plant (D:5)
1 creature vanquished.

Grand Total: 99 creatures vanquished

Notes
Turn   | Place    | Note
-------+----------+-------------------------------------------
     0 | D:1      | Faca the Formicid Fighter began the quest for the Orb.
     0 | D:1      | Reached XP level 1. HP: 18/18 MP: 1/1
   113 | D:1      | Reached XP level 2. HP: 21/24 MP: 2/2
   821 | D:2      | Reached XP level 3. HP: 29/29 MP: 3/3
  1288 | D:2      | Reached XP level 4. HP: 27/35 MP: 4/4
  1555 | D:3      | Found a transporter.
  1555 | D:3      | Noticed a black bear
  1607 | D:3      | Found a transporter.
  1632 | D:3      | Found a hide-covered altar of Uskayaw.
  1763 | D:3      | Reached skill level 3 in Axes
  1763 | D:3      | Reached XP level 5. HP: 36/42 MP: 5/5
  2086 | D:3      | Noticed a bullfrog
  2089 | D:3      | Killed a bullfrog
  2089 | D:3      | Reached skill level 4 in Axes
  2089 | D:3      | Reached XP level 6. HP: 48/48 MP: 6/6
  2506 | D:4      | Reached skill level 5 in Shields
  2532 | D:4      | Found a shadowy altar of Dithmenos.
  2679 | D:4      | Found a burning altar of Makhleb.
  2756 | D:4      | Found an ornate altar of the Wu Jian Council.
  2756 | D:4      | Found a glowing silver altar of Zin.
  2756 | D:4      | Found a basalt altar of Yredelemnul.
  3024 | D:4      | Found a sacrificial altar of Ru.
  3101 | D:4      | Reached XP level 7. HP: 53/54 MP: 7/7
  3159 | D:4      | Reached skill level 5 in Axes
  3487 | D:5      | Entered Level 5 of the Dungeon
  3636 | D:5      | Reached skill level 5 in Armour
  3750 | D:5      | Found an ancient bone altar of Kikubaaqudgha.
  3762 | D:5      | Reached XP level 8. HP: 54/61 MP: 8/8
  3789 | D:5      | Reached skill level 6 in Axes
  3978 | D:5      | Found a shattered altar of Ashenzari.
  3978 | D:5      | Noticed a two-headed ogre
  4472 | D:3      | Reached skill level 7 in Axes
  4584 | D:5      | Mangled by a two-headed ogre

Vault maps used:
D:1:      roderic_crossed_star
D:3:      gammafunk_temple_overflow_arena, first_ration
D:4:      marbit_many_paths, overflow_temple_1_default,
          gammafunk_temple_overflow_forgotten, grunt_dithmenos_smoke_and_mirrors
D:5:      kiku_gazebo_garden_becter, ashenzari_conservatory_becter,
          grunt_ministairs_15, corexii_item_surrounded_by_moat

Skill      XL: |  1  2  3  4  5  6  7  8 |
---------------+-------------------------+-----
Shields        | 4 5 6 |  6.5
Armour         | 4 5 |  5.8
Axes           | 3 4 5 7 |  7.1
Fighting       | 4 |  4.8
Dodging        | |  0.5

Action                   |  1- 3 |  4- 6 |  7- 9 || total
-------------------------+-------+-------+-------++-------
Melee: War axe           |    82 |   155 |   141 ||   378
  Use: Scroll            |     4 |     4 |     1 ||     9
       Potion            |       |       |     1 ||     1
  Eat: Ration            |     1 |     1 |     2 ||     4
       Chunk             |       |     1 |       ||     1
Armor: Scale mail        |    41 |    49 |       ||    90
       Chain mail        |       |    49 |    65 ||   114
Dodge: Dodged            |    31 |    68 |    32 ||   131
Block: Shield            |    67 |   105 |    62 ||   234

Table legend:
 A = Spawn XP
 B = Non-spawn XP
 C = Spawn XP percentage of total XP
 D = Spawn monster count
 E = Non-spawn monster count
 F = Spawn count percentage of total count
 G = Total turns spent on level
                    A         B        C        D         E        F      G
               +---------+---------+-------+---------+---------+-------+---------
         Total |       0 |    1771 |   0.0 |       0 |      98 |   0.0 |  4584
               +---------+---------+-------+---------+---------+-------+---------
           D:1 |       0 |      19 |   0.0 |       0 |       8 |   0.0 |   758
           D:2 |       0 |      73 |   0.0 |       0 |      19 |   0.0 |   797
           D:3 |       0 |     551 |   0.0 |       0 |      35 |   0.0 |  1081
           D:4 |       0 |     260 |   0.0 |       0 |      11 |   0.0 |  1037
           D:5 |       0 |     868 |   0.0 |       0 |      25 |   0.0 |   911
               +---------+---------+-------+---------+---------+-------+---------
